[Event "ICC tourney 2260 (3 2)"]
[Site "Internet Chess Club"]
[Date "2020.12.31"]
[Round "9"]
[White "local0928"]
[Black "NL008"]
[Result "1-0"]
[ICCResult "Black checkmated"]
[WhiteElo "1785"]
[BlackElo "1534"]
[Opening "Giuoco Pianissimo"]
[ECO "C50"]
[NIC "IG.02"]
[Time "14:24:14"]
[PlyCount "129"]
[TimeControl "180+2"]

1. e4 e5 2. Nf3 Nc6 3. Bc4 Bc5 4. d3 d6 5. h3 h6 6. Nc3 Nf6 7. O-O O-O 8.
Na4 Bb6 9. Nxb6 axb6 10. a3 Be6 11. Bxe6 fxe6 12. c3 d5 13. Qc2 Nd7 14. Qb3
Nc5 15. Qc2 Na5 16. b4 Nab3 17. Rb1 Nxc1 18. bxc5 dxe4 19. Nxe5 Nxd3 20.
Nxd3 exd3 21. Qb3 Re8 22. cxb6 cxb6 23. Rfd1 Kh8 24. Qxb6 Qxb6 25. Rxb6
Rxa3 26. Rxd3 Rc8 27. Rxb7 Raxc3 28. Rxc3 Rxc3 29. Re7 Rc1+ 30. Kh2 Rf1 31.
Kg3 Re1 32. f3 Kg8 33. Kf4 Kf8 34. Ra7 g5+ 35. Kg4 Rg1 36. Kg3 h5 37. Kf2
Rc1 38. h4 Rc2+ 39. Kg1 g4 40. fxg4 hxg4 41. Ra8+ Kg7 42. Ra7+ Kh6 43. g3
e5 44. Re7 Rc3 45. Kf2 Rf3+ 46. Kg2 Re3 47. Kf2 Re4 48. Rf7 Kg6 49. Rf8 Ra4
50. Rg8+ Kf5 51. Rg5+ Ke4 52. Rxg4+ Kd3 53. Rxa4 e4 54. h5 e3+ 55. Ke1 e2
56. h6 Kc3 57. h7 Kb3 58. h8=Q Kxa4 59. Qb2 Ka5 60. Kxe2 Ka6 61. Kd3 Ka7
62. Kc4 Ka8 63. Kc5 Ka7 64. Kc6 Ka6 65. Qa2# { Black checkmated } 1-0

[Event "ICC tourney 2260 (3 2)"]
[Site "Internet Chess Club"]
[Date "2020.12.31"]
[Round "9"]
[White "Braveninja"]
[Black "miyzhang"]
[Result "1/2-1/2"]
[ICCResult "Game drawn by repetition"]
[WhiteElo "384"]
[BlackElo "1227"]
[Opening "Four knights game"]
[ECO "C47"]
[NIC "KP.06"]
[Time "14:24:28"]
[PlyCount "55"]
[TimeControl "180+2"]

1. e4 e5 2. Nf3 Nc6 3. Nc3 Nf6 4. Bd3 Bc5 5. Bc4 d6 6. d3 Bd7 7. Bg5 h6 8.
Bxf6 Qxf6 9. O-O Bg4 10. h3 Bh5 11. Nd5 Qd8 12. a3 Nd4 13. b4 Nxf3+ 14.
gxf3 Qg5+ 15. Kh2 Bd4 16. Nxc7+ Kf8 17. Nxa8 Qf4+ 18. Kg2 Bxa1 19. Qe2 Bd4
20. Bd5 b6 21. Nc7 Qg5+ 22. Kh2 Qf4+ 23. Kg2 Qg5+ 24. Kh2 Qf4+ 25. Kg2 Qg5+
26. Kh2 Qf4+ 27. Kg2 Qg5+ 28. Kh2 { Game drawn by repetition } 1/2-1/2

[Event "ICC tourney 2260 (3 2)"]
[Site "Internet Chess Club"]
[Date "2020.12.31"]
[Round "9"]
[White "BillyC"]
[Black "uzkuzk"]
[Result "1-0"]
[ICCResult "Black resigns"]
[WhiteElo "1948"]
[BlackElo "1809"]
[Opening "Petrov's defense"]
[ECO "C42"]
[NIC "RG.03"]
[Time "14:23:53"]
[PlyCount "57"]
[TimeControl "180+2"]

1. e4 e5 2. Nf3 Nf6 3. Nxe5 Nc6 4. Nf3 Nxe4 5. Nc3 Nxc3 6. bxc3 Be7 7. Bc4
d5 8. Bb3 O-O 9. d4 Be6 10. O-O Bf6 11. Bf4 Ne7 12. Qd2 Ng6 13. Bg3 c6 14.
Rae1 Bg4 15. Ne5 Bxe5 16. dxe5 Bf5 17. f4 a5 18. a4 Qb6+ 19. Bf2 Qc7 20.
Bc5 Rfe8 21. Qd1 b5 22. g4 Be4 23. Qd4 Nh4 24. Re3 h5 25. h3 hxg4 26. hxg4
Qd7 27. f5 g5 28. Rxe4 Kg7 29. e6+ { Black resigns } 1-0

[Event "ICC tourney 2260 (3 2)"]
[Site "Internet Chess Club"]
[Date "2020.12.31"]
[Round "9"]
[White "DualMoneytime"]
[Black "xyzchessdude"]
[Result "0-1"]
[ICCResult "White resigns"]
[WhiteElo "1960"]
[BlackElo "1992"]
[Opening "Sicilian: Grand Prix attack"]
[ECO "B23"]
[NIC "SI.44"]
[Time "14:23:53"]
[PlyCount "58"]
[TimeControl "180+2"]

1. e4 c5 2. Nc3 Nc6 3. f4 g6 4. Nf3 Bg7 5. Bb5 Nd4 6. O-O a6 7. Bc4 e6 8.
d3 Ne7 9. Nxd4 cxd4 10. Ne2 b5 11. Bb3 Bb7 12. Bd2 O-O 13. a4 d5 14. e5 Nf5
15. g4 Ne3 16. Bxe3 dxe3 17. d4 Qh4 18. Ng3 b4 19. Kg2 a5 20. h3 Ba6 21.
Rf3 f6 22. Qe1 fxe5 23. dxe5 Bxe5 24. fxe5 Rxf3 25. Kxf3 Qxh3 26. Kxe3 Qxg4
27. Kd2 Rf8 28. Rd1 Qg5+ 29. Qe3 Rf2+ { White resigns } 0-1

[Event "ICC tourney 2260 (3 2)"]
[Site "Internet Chess Club"]
[Date "2020.12.31"]
[Round "9"]
[White "AirMaisem"]
[Black "caracleliem2"]
[Result "1-0"]
[ICCResult "Black resigns"]
[WhiteElo "1171"]
[BlackElo "1152"]
[Opening "Sicilian: accelerated fianchetto, modern variation"]
[ECO "B34"]
[NIC "SI.31"]
[Time "14:24:10"]
[PlyCount "103"]
[TimeControl "180+2"]

1. e4 c5 2. Nf3 Nc6 3. Nc3 g6 4. d4 cxd4 5. Nxd4 Bg7 6. Nxc6 bxc6 7. Bc4
Nf6 8. O-O O-O 9. h3 d6 10. Be3 Bd7 11. Qd2 c5 12. Nd5 Nxd5 13. exd5 Bxb2
14. Rab1 Bg7 15. Bh6 Rb8 16. Bxg7 Kxg7 17. Bd3 Rxb1 18. Rxb1 e6 19. c4 exd5
20. cxd5 Bf5 21. Bxf5 gxf5 22. Qc3+ Qf6 23. Qa5 Ra8 24. Rb3 Qa1+ 25. Kh2
Qe5+ 26. g3 Qxd5 27. Qc3+ Qd4 28. Qf3 Qe4 29. Qc3+ Qe5 30. Qf3 c4 31. Re3
Qc5 32. Qxa8 c3 33. Re8 Qxf2+ 34. Qg2 Qxg2+ 35. Kxg2 c2 36. Re1 d5 37. Rc1
d4 38. Kf2 d3 39. Ke3 Kf6 40. Kxd3 Ke5 41. Rxc2 f4 42. gxf4+ Kxf4 43. Rc7
f5 44. Rxh7 Kg3 45. Ke3 f4+ 46. Ke2 f3+ 47. Kf1 f2 48. Rf7 Kxh3 49. Rxf2
Kg4 50. Rf8 Kg3 51. Ra8 Kg4 52. Rxa7 { Black resigns } 1-0

[Event "ICC tourney 2260 (3 2)"]
[Site "Internet Chess Club"]
[Date "2020.12.31"]
[Round "9"]
[White "Aahilvalliani"]
[Black "tavit2"]
[Result "1/2-1/2"]
[ICCResult "Game drawn by repetition"]
[WhiteElo "813"]
[BlackElo "629"]
[Opening "QGD: 3.Nc3"]
[ECO "D31"]
[NIC "QP.08"]
[Time "14:23:54"]
[PlyCount "194"]
[TimeControl "180+2"]

1. d4 d5 2. c4 e6 3. Nc3 Nc6 4. Nf3 Nf6 5. e3 Bb4 6. Bd2 O-O 7. Be2 Nd7 8.
O-O dxc4 9. Bxc4 Nb6 10. Bd3 Re8 11. a3 Bd6 12. Ne4 e5 13. Bc3 exd4 14.
Nxd4 Nxd4 15. Nxd6 Qxd6 16. Bxd4 c5 17. Bc3 Rd8 18. Bxh7+ Kxh7 19. Qh5+ Kg8
20. Qg5 Qg6 21. Qxd8+ Kh7 22. Qh4+ Qh6 23. Qxh6+ gxh6 24. Rfd1 Bg4 25. f3
Be6 26. Kf2 Bb3 27. Rd3 Bc4 28. Rd2 Be6 29. Rb1 Nc4 30. Rdd1 Bf5 31. e4 Be6
32. Ra1 f5 33. b3 Nb6 34. exf5 Bxf5 35. a4 c4 36. g4 Bg6 37. bxc4 Nxc4 38.
Rd7+ Kg8 39. Rxb7 Bf7 40. Re1 Nd6 41. Rd7 Nc8 42. Be5 Nb6 43. Rc7 Nxa4 44.
Rd1 Nb6 45. Bd4 Nd5 46. Be5 Nxc7 47. Bxc7 a5 48. Rd8+ Rxd8 49. Bxd8 a4 50.
Ke2 a3 51. Kd2 a2 52. Bf6 Kf8 53. Ba1 Ke7 54. Ke3 Ke6 55. f4 Ke7 56. h4 Be6
57. f5 Bf7 58. Ke4 Kf8 59. g5 hxg5 60. hxg5 Kg8 61. g6 Bc4 62. Ke5 Kf8 63.
f6 Kg8 64. Kd6 Kf8 65. g7+ Kg8 66. Ke7 Bd5 67. Ke8 Bf7+ 68. Ke7 Bc4 69. Kd6
Bf7 70. Ke5 Bb3 71. Kd4 Kf7 72. Ke5 Be6 73. Bb2 Bc4 74. Ba1 Bb3 75. Kf5
Be6+ 76. Kg5 Kg8 77. Kg6 Bf7+ 78. Kh6 Bd5 79. Kg5 Bf7 80. Kf5 Bb3 81. Ke5
Bf7 82. Kd6 Bb3 83. Ke7 Bf7 84. Kd6 Bc4 85. Ke5 Bf7 86. Kf5 Bb3 87. Kg5 Bf7
88. Kf5 Bc4 89. Kg5 Bf7 90. Kf5 Bb3 91. Kg5 Bf7 92. Kf4 Bb3 93. Kf5 Bd5 94.
Kg6 Bf7+ 95. Kf5 Bb3 96. Ke5 Bf7 97. Kf5 Bb3 { Game drawn by repetition }
1/2-1/2

[Event "ICC tourney 2260 (3 2)"]
[Site "Internet Chess Club"]
[Date "2020.12.31"]
[Round "9"]
[White "hi321"]
[Black "karuto2006"]
[Result "1-0"]
[ICCResult "Black checkmated"]
[WhiteElo "1433"]
[BlackElo "1699"]
[Opening "Giuoco Pianissimo: Italian four knights variation"]
[ECO "C50"]
[NIC "IG.02"]
[Time "14:24:40"]
[PlyCount "61"]
[TimeControl "180+2"]

1. e4 e5 2. Nf3 Nc6 3. Bc4 Bc5 4. Nc3 Nf6 5. d3 h6 6. h3 O-O 7. a3 d6 8. g4
a5 9. g5 Nh7 10. gxh6 g6 11. Rg1 Nd4 12. Rxg6+ Kh8 13. Rg3 f5 14. Ng5 fxe4
15. Nxh7 Kxh7 16. Be3 Nf3+ 17. Ke2 Bxe3 18. fxe3 Qh4 19. Nxe4 Bxh3 20. Qh1
Nd4+ 21. exd4 Bg4+ 22. Kd2 Rf2+ 23. Nxf2 Qxg3 24. Qe4+ Kh8 25. Nxg4 Rf8 26.
Kc3 exd4+ 27. Qxd4+ Qe5 28. Nxe5 dxe5 29. Qxe5+ Rf6 30. Qxf6+ Kh7 31. Qg7#
{ Black checkmated } 1-0

[Event "ICC tourney 2260 (3 2)"]
[Site "Internet Chess Club"]
[Date "2020.12.31"]
[Round "9"]
[White "VeronicaG"]
[Black "stephenwilly"]
[Result "0-1"]
[ICCResult "White forfeits on time"]
[WhiteElo "1828"]
[BlackElo "1496"]
[Opening "Queen's pawn, Mason variation"]
[ECO "D00"]
[NIC "QP.08"]
[Time "14:24:03"]
[PlyCount "80"]
[TimeControl "180+2"]

1. d4 d5 2. Bf4 Nf6 3. e3 Bf5 4. c4 e6 5. Qb3 Nbd7 6. Nc3 Bd6 7. Bxd6 cxd6
8. cxd5 exd5 9. Nxd5 Qa5+ 10. Nc3 O-O 11. Bc4 Nb6 12. Ne2 d5 13. Bb5 a6 14.
Ba4 Ne4 15. O-O Nd2 16. Qa3 Nbc4 17. Qe7 Nxf1 18. Rxf1 Nxb2 19. Qg5 Bg6 20.
Bb3 Kh8 21. Nxd5 Bd3 22. Qg4 f5 23. Qf3 Be4 24. Qh3 Bxd5 25. Bxd5 Qxd5 26.
Nf4 Qf7 27. Rb1 Nc4 28. Rc1 Nd6 29. g3 Ne4 30. Rb1 Ng5 31. Qg2 Qxa2 32.
Rxb7 Qa1+ 33. Qf1 Nf3+ 34. Kg2 Qxf1+ 35. Kxf1 Nxh2+ 36. Kg2 Ng4 37. Ne6 Rg8
38. Ng5 Rgb8 39. Rc7 Rb2 40. Nf7+ Kg8 { White forfeits on time } 0-1

[Event "ICC tourney 2260 (3 2)"]
[Site "Internet Chess Club"]
[Date "2020.12.31"]
[Round "9"]
[White "kurohaze"]
[Black "hackerguru"]
[Result "0-1"]
[ICCResult "White checkmated"]
[WhiteElo "1168"]
[BlackElo "1756"]
[Opening "Queen's Indian: 4.e3"]
[ECO "E14"]
[NIC "QI.03"]
[Time "14:24:10"]
[PlyCount "110"]
[TimeControl "180+2"]

1. d4 Nf6 2. Nf3 e6 3. e3 b6 4. c4 Bb7 5. Be2 Be7 6. O-O O-O 7. Bd2 Ne4 8.
a3 d5 9. cxd5 exd5 10. Nc3 Nd7 11. Ne5 Nxe5 12. dxe5 c5 13. Nxe4 dxe4 14.
Bc3 Qc7 15. f4 exf3 16. Bxf3 Bxf3 17. Qxf3 b5 18. Rac1 a5 19. Qg4 b4 20.
axb4 axb4 21. Bxb4 Qxe5 22. Bc3 Qxe3+ 23. Kh1 Qg5 24. Qe2 Rfe8 25. Rcd1 Bf6
26. Qc4 Re6 27. Bxf6 Rxf6 28. Rxf6 Qxf6 29. Qxc5 Qxb2 30. Qd5 Rf8 31. h3
Qf6 32. Qc5 h6 33. Rd6 Qf1+ 34. Kh2 Qf4+ 35. Kg1 Ra8 36. Rd1 Qe4 37. Kh2
Ra2 38. Qc8+ Kh7 39. Qg4 Qxg4 40. hxg4 Kg6 41. Rd3 Ra4 42. Kh3 Ra1 43. Kg3
f6 44. Kf3 Rf1+ 45. Kg3 Kg5 46. Rd5+ f5 47. gxf5 Rxf5 48. Rd7 g6 49. Kh3
Ra5 50. g3 Ra3 51. Rd5+ Kf6 52. Kh4 Ra4+ 53. g4 h5 54. Rd6+ Kg7 55. Kg5
Rxg4# { White checkmated } 0-1

[Event "ICC tourney 2260 (3 2)"]
[Site "Internet Chess Club"]
[Date "2020.12.31"]
[Round "9"]
[White "MChessy"]
[Black "TheOrcaPro"]
[Result "1/2-1/2"]
[ICCResult "Game drawn by mutual agreement"]
[WhiteElo "1950"]
[BlackElo "1735"]
[Opening "French: exchange variation"]
[ECO "C01"]
[NIC "FR.01"]
[Time "14:23:53"]
[PlyCount "103"]
[TimeControl "180+2"]

1. e4 e6 2. d4 d5 3. exd5 exd5 4. Nf3 Bd6 5. Nc3 Ne7 6. Be3 Nbc6 7. Qd2 Bf5
8. O-O-O O-O 9. Nh4 Be6 10. f4 Nf5 11. Nxf5 Bxf5 12. h4 Be6 13. Be2 Qf6 14.
g4 Rfe8 15. g5 Qe7 16. h5 Qd7 17. g6 fxg6 18. hxg6 hxg6 19. Bd3 Bf5 20. Qh2
Kf7 21. Nxd5 Be6 22. Be4 Kf8 23. Bxg6 Bxd5 24. Qh8+ Ke7 25. Qxg7+ Kd8 26.
Qxd7+ Kxd7 27. Bxe8+ Rxe8 28. Rh7+ Kd8 29. Bf2 Bxf4+ 30. Kb1 Re2 31. Bh4+
Kc8 32. Rf1 Bd6 33. Rh8+ Kd7 34. Rg1 Nxd4 35. Rd1 Be5 36. Rd8+ Kc6 37. c3
Nf3 38. R8xd5 Nxh4 39. R5d2 Rxd2 40. Rxd2 Bd6 41. Kc2 Nf5 42. Kb3 a6 43. c4
Bc5 44. Rd5 Ne7 45. Rd3 b5 46. cxb5+ axb5 47. Rc3 Kb6 48. Rh3 c6 49. Rh6
Nd5 50. Rh3 Bd4 51. Rd3 Kc5 52. a3 { Game drawn by mutual agreement }
1/2-1/2

[Event "ICC tourney 2260 (3 2)"]
[Site "Internet Chess Club"]
[Date "2020.12.31"]
[Round "9"]
[White "ritterfork"]
[Black "Udonramen"]
[Result "1-0"]
[ICCResult "Black resigns"]
[WhiteElo "1846"]
[BlackElo "1947"]
[Opening "Sicilian: Smith-Morra gambit"]
[ECO "B21"]
[NIC "SI.48"]
[Time "14:24:23"]
[PlyCount "111"]
[TimeControl "180+2"]

1. e4 c5 2. d4 cxd4 3. c3 dxc3 4. Nxc3 Nc6 5. Nf3 d6 6. Bc4 e6 7. O-O Nf6
8. Qe2 Be7 9. Rd1 O-O 10. e5 Ne8 11. exd6 Bxd6 12. Bf4 Qe7 13. Bxd6 Nxd6
14. Bb3 a6 15. Qd3 Rd8 16. Bc2 g6 17. Qe3 Nc4 18. Qh6 Qf8 19. Rxd8 Nxd8 20.
Qh4 Nc6 21. Qxc4 e5 22. Ne4 Be6 23. Qe2 Kg7 24. Neg5 h6 25. Nxe6+ fxe6 26.
Nxe5 Nxe5 27. Qxe5+ Qf6 28. Qc7+ Qf7 29. Qxf7+ Kxf7 30. h3 Rc8 31. Bb3 b5
32. Re1 Rc6 33. g3 Kf6 34. Kg2 e5 35. Kf3 a5 36. Bd5 Rc2 37. Re2 Rc5 38.
Be4 b4 39. b3 Rc3+ 40. Kg2 g5 41. Rc2 Ke6 42. Kf1 Kd6 43. Ke2 Kc5 44. Kd2
Kd4 45. Bg6 e4 46. Rxc3 bxc3+ 47. Kc2 e3 48. fxe3+ Kxe3 49. Kxc3 Kf3 50. b4
axb4+ 51. Kxb4 Kxg3 52. Bf5 h5 53. a4 g4 54. hxg4 h4 55. g5 h3 56. Bxh3 {
Black resigns } 1-0

[Event "ICC tourney 2260 (3 2)"]
[Site "Internet Chess Club"]
[Date "2020.12.31"]
[Round "9"]
[White "ChiefDas"]
[Black "KingRayfish"]
[Result "0-1"]
[ICCResult "White forfeits on time"]
[WhiteElo "1857"]
[BlackElo "1469"]
[Opening "Ruy Lopez: classical defense, 4.c3"]
[ECO "C64"]
[NIC "RL.01"]
[Time "14:24:10"]
[PlyCount "76"]
[TimeControl "180+2"]

1. e4 e5 2. Nf3 Nc6 3. Bb5 Bc5 4. c3 Nf6 5. O-O O-O 6. Re1 Re8 7. d3 a6 8.
Ba4 b5 9. Bc2 Bb7 10. h3 Bb6 11. Bg5 d6 12. Nbd2 h6 13. Be3 Bxe3 14. fxe3
Ne7 15. Nf1 Ng6 16. Ng3 d5 17. exd5 Nxd5 18. a4 c5 19. d4 exd4 20. exd4 Ne3
21. Qd3 Nxc2 22. Qxc2 Bxf3 23. gxf3 Qg5 24. Kh2 Nh4 25. Qf2 Qf4 26. Rf1 Re7
27. axb5 Rae8 28. bxa6 Re2 29. a7 Rxf2+ 30. Rxf2 Ra8 31. dxc5 Nf5 32. Rg2
h5 33. b3 h4 34. Ra4 hxg3+ 35. Kh1 Qc1+ 36. Rg1 Qxc3 37. Rc4 Qxf3+ 38. Rg2
Ne3 { White forfeits on time } 0-1

[Event "ICC tourney 2260 (3 2)"]
[Site "Internet Chess Club"]
[Date "2020.12.31"]
[Round "9"]
[White "Zapateado"]
[Black "Feugon"]
[Result "1-0"]
[ICCResult "Black resigns"]
[WhiteElo "1908"]
[BlackElo "1982"]
[Opening "French defense, Steiner variation"]
[ECO "A13"]
[NIC "EO.64"]
[Time "14:24:07"]
[PlyCount "67"]
[TimeControl "180+2"]

1. c4 e6 2. e4 d5 3. cxd5 exd5 4. exd5 Nf6 5. Bb5+ Bd7 6. Bc4 c6 7. Qe2+
Qe7 8. dxc6 Nxc6 9. Qxe7+ Bxe7 10. Nf3 Rc8 11. O-O O-O 12. Nc3 Bg4 13. Be2
Rfe8 14. h3 Bh5 15. g4 Bg6 16. d4 Bb4 17. Bg5 Bxc3 18. bxc3 Rxe2 19. Bxf6
gxf6 20. Rfd1 Na5 21. d5 Rxc3 22. Nd4 Rb2 23. d6 Rc8 24. f4 Be4 25. Rac1
Nc6 26. d7 Rd8 27. Nb3 Bc2 28. Rd2 Nb4 29. Nc5 Kf8 30. Nxb7 Ke7 31. Nxd8
Kxd8 32. a3 Nd3 33. Rcxc2 Rb1+ 34. Kh2 { Black resigns } 1-0

[Event "ICC tourney 2260 (3 2)"]
[Site "Internet Chess Club"]
[Date "2020.12.31"]
[Round "9"]
[White "auggie29"]
[Black "SuperBlueSky"]
[Result "1-0"]
[ICCResult "Black checkmated"]
[WhiteElo "1095"]
[BlackElo "1597"]
[Opening "Giuoco Pianissimo: Italian four knights variation"]
[ECO "C50"]
[NIC "IG.02"]
[Time "14:23:53"]
[PlyCount "119"]
[TimeControl "180+2"]

1. e4 e5 2. Nf3 Nc6 3. Bc4 Bc5 4. d3 Nf6 5. Nc3 h6 6. Be3 Bb6 7. Qd2 d6 8.
d4 exd4 9. Nxd4 Nxd4 10. Bxd4 Bxd4 11. Qxd4 O-O 12. O-O-O Re8 13. e5 Rxe5
14. Qxe5 Bg4 15. Qd4 Bxd1 16. Rxd1 Qe7 17. f4 Re8 18. g3 a6 19. h3 Nh5 20.
g4 Nf6 21. g5 hxg5 22. fxg5 Nh7 23. g6 Ng5 24. gxf7+ Nxf7 25. Rf1 Rf8 26.
Qd5 c6 27. Qh5 d5 28. Bd3 Nh6 29. Rxf8+ Kxf8 30. Qf3+ Kg8 31. Ne2 Nf7 32.
Qf5 Qe3+ 33. Kd1 Qh6 34. Qc8+ Nd8 35. Qxd8+ Kf7 36. Qd7+ Kf8 37. Qxb7 Qxh3
38. Qxc6 Qf1+ 39. Kd2 Qf7 40. Qxa6 d4 41. Qd6+ Kg8 42. b3 Kh8 43. Qd8+ Qg8
44. Qxg8+ Kxg8 45. Nxd4 g6 46. Bxg6 Kg7 47. Bd3 Kf6 48. a4 Ke7 49. a5 Kd7
50. a6 Kc7 51. Kc3 Kb6 52. Kb4 Ka7 53. Kb5 Kb8 54. Kb6 Ka8 55. Be4+ Kb8 56.
a7+ Kc8 57. a8=Q+ Kd7 58. Qc6+ Ke7 59. Qe6+ Kd8 60. Nc6# { Black checkmated
} 1-0

[Event "ICC tourney 2260 (3 2)"]
[Site "Internet Chess Club"]
[Date "2020.12.31"]
[Round "9"]
[White "chessrex"]
[Black "saisiva765"]
[Result "0-1"]
[ICCResult "White checkmated"]
[WhiteElo "1958"]
[BlackElo "1950"]
[Opening "Blackmar gambit"]
[ECO "D00"]
[NIC "QP.08"]
[Time "14:24:03"]
[PlyCount "146"]
[TimeControl "180+2"]

1. d4 d5 2. e4 dxe4 3. Nc3 Nf6 4. f3 exf3 5. Nxf3 Bg4 6. h3 Bh5 7. g4 Bg6
8. Ne5 Nbd7 9. Qf3 c6 10. Nxg6 hxg6 11. g5 Nd5 12. Nxd5 cxd5 13. Qxd5 e6
14. Qxb7 Bd6 15. Qf3 Rb8 16. Bd3 Qc7 17. O-O Nb6 18. c3 Nd5 19. Kg2 O-O 20.
h4 f5 21. c4 Nb4 22. c5 Be7 23. Bc4 Nd5 24. Bxd5 exd5 25. Qxd5+ Kh7 26. h5
gxh5 27. Rxf5 Rxf5 28. Qxf5+ Kg8 29. g6 Qc6+ 30. Kg1 Qf6 31. Qxh5 Qxd4+ 32.
Kh1 Qe4+ 33. Kg1 Qd4+ 34. Kg2 Qe4+ 35. Kg1 Qd4+ 36. Kh1 Qe4+ 37. Kh2 Qc2+
38. Kh3 Qd3+ 39. Kg2 Qc2+ 40. Kg3 Qd3+ 41. Qf3 Qxg6+ 42. Kh2 Bxc5 43. Qg3
Bd6 44. Bf4 Rxb2+ 45. Kh3 Qh5+ 46. Qh4 Qxh4+ 47. Kxh4 Bxf4 48. Rf1 Be5 49.
a4 Rb4+ 50. Kg5 Rxa4 51. Re1 Bf6+ 52. Kg6 Rg4+ 53. Kf5 Ra4 54. Re8+ Kf7 55.
Re4 Rxe4 56. Kxe4 a5 57. Kd3 a4 58. Kc2 a3 59. Kb3 g5 60. Kxa3 g4 61. Kb3
g3 62. Kc2 g2 63. Kd3 g1=Q 64. Ke4 Qg4+ 65. Ke3 Ke6 66. Kd3 Kd5 67. Kd2 Qf3
68. Kc2 Qe3 69. Kd1 Kd4 70. Kc2 Qd3+ 71. Kc1 Qe2 72. Kb1 Kc3 73. Ka1 Qb2# {
White checkmated } 0-1

[Event "ICC tourney 2260 (3 2)"]
[Site "Internet Chess Club"]
[Date "2020.12.31"]
[Round "9"]
[White "Kinawa"]
[Black "ekanshmehrotra"]
[Result "0-1"]
[ICCResult "White forfeits on time"]
[WhiteElo "1535"]
[BlackElo "1843"]
[Opening "Scotch gambit: Dubois-Réti defense"]
[ECO "C55"]
[NIC "KP.02"]
[Time "14:23:57"]
[PlyCount "76"]
[TimeControl "180+2"]

1. e4 e5 2. Nf3 Nc6 3. d4 exd4 4. Bc4 Nf6 5. e5 d5 6. Bb5 Ne4 7. Nxd4 Bd7
8. Bxc6 bxc6 9. O-O Bc5 10. Be3 O-O 11. f3 Ng5 12. f4 Ne4 13. Nd2 f5 14.
N2f3 Qe7 15. c3 a5 16. Kh1 Ra6 17. Qe2 Rb6 18. Rab1 Rfb8 19. Qc2 Qf7 20. a3
R6b7 21. b4 Be7 22. Nb3 axb4 23. cxb4 Ra8 24. Na5 Rbb8 25. a4 c5 26. Nb3
Rxb4 27. Nxc5 Rc4 28. Qb3 Nxc5 29. Bxc5 Bxc5 30. Qb7 Ra7 31. Qb8+ Qf8 32.
Qb2 Raxa4 33. Ng5 Rab4 34. Qa2 Ra4 35. Qb2 Rcb4 36. Qc2 Bb5 37. Rfc1 Rc4
38. Qb2 Ba3 { White forfeits on time } 0-1

[Event "ICC tourney 2260 (3 2)"]
[Site "Internet Chess Club"]
[Date "2020.12.31"]
[Round "9"]
[White "VincentT2008"]
[Black "A4-H5"]
[Result "1-0"]
[ICCResult "Black resigns"]
[WhiteElo "1743"]
[BlackElo "1999"]
[Opening "King's Indian: Sämisch, 6...Nc6"]
[ECO "E83"]
[NIC "KI.36"]
[Time "14:24:14"]
[PlyCount "83"]
[TimeControl "180+2"]

1. d4 Nc6 2. c4 d6 3. Nc3 g6 4. e4 Nf6 5. f3 Bg7 6. Be3 O-O 7. Qd2 Re8 8.
Nge2 e5 9. d5 Na5 10. Nc1 b6 11. Be2 Ba6 12. b3 Bc8 13. b4 Nb7 14. O-O a5
15. Nd3 axb4 16. Nxb4 Bd7 17. Rfc1 Nc5 18. Nd3 Ra3 19. Nxc5 bxc5 20. Nb5
Bxb5 21. cxb5 Qa8 22. Rc3 Nh5 23. Qb2 Ra4 24. Bd1 Rb4 25. Qd2 Nf4 26. a3 f5
27. Rac1 Rxb5 28. Be2 Nxe2+ 29. Qxe2 Reb8 30. R1c2 Rb1+ 31. Rc1 R8b2 32.
Qd3 Rxc1+ 33. Rxc1 Qa4 34. h3 fxe4 35. fxe4 Rb3 36. Qe2 Qxa3 37. Re1 Bf6
38. Qf2 Bg7 39. Bg5 Rc3 40. Rf1 h6 41. Qf7+ Kh7 42. Bf6 { Black resigns }
1-0

[Event "ICC tourney 2260 (3 2)"]
[Site "Internet Chess Club"]
[Date "2020.12.31"]
[Round "9"]
[White "Tombstone"]
[Black "garynanoman"]
[Result "0-1"]
[ICCResult "White checkmated"]
[WhiteElo "1990"]
[BlackElo "1850"]
[Opening "Catalan: closed, main line"]
[ECO "E09"]
[NIC "QI.01"]
[Time "14:24:06"]
[PlyCount "200"]
[TimeControl "180+2"]

1. d4 Nf6 2. c4 e6 3. Nf3 d5 4. g3 c6 5. Nbd2 Nbd7 6. Bg2 Be7 7. O-O O-O 8.
Qc2 b6 9. e4 Bb7 10. e5 Ne8 11. cxd5 cxd5 12. Re1 Rc8 13. Qd3 Qc7 14. Nf1
Nb8 15. h4 Bb4 16. Bd2 Ba6 17. Qb3 Bxd2 18. N1xd2 Qc2 19. Rac1 Qxb3 20.
Nxb3 Nc7 21. Rc2 Nb5 22. Rec1 Rxc2 23. Rxc2 Rc8 24. Rxc8+ Bxc8 25. Bf1 Ba6
26. Nbd2 Nc7 27. Nb1 Bc4 28. b3 Bxf1 29. Kxf1 Nc6 30. Ke2 Nb5 31. Ke3 Nb4
32. a3 Nc2+ 33. Kd3 Ncxa3 34. Nbd2 Kf8 35. Ng5 h6 36. Ngf3 a5 37. Nf1 Nc7
38. Ne3 Na6 39. Kc3 Nb5+ 40. Kb2 Nb4 41. Nc2 Nd3+ 42. Kb1 Nc3+ 43. Ka1 Nxf2
44. Kb2 Nb5 45. Na3 Nd3+ 46. Ka2 Nc1+ 47. Kb2 Nxa3 48. Kxa3 b5 49. g4 Ke7
50. Kb2 Nd3+ 51. Kc3 Nf2 52. g5 hxg5 53. hxg5 Ne4+ 54. Kd3 Kd7 55. Kc2 Kc6
56. b4 a4 57. Kb2 Nf2 58. Ka3 Nd3 59. Nh2 Ne1 60. Kb2 a3+ 61. Kb3 a2 62.
Kxa2 Nc2 63. Nf3 Nxb4+ 64. Kb3 Nd3 65. Kc3 Nf4 66. Kb4 Kb6 67. Nd2 Nd3+ 68.
Kc3 Ne1 69. Kb4 Kc6 70. Kc3 Kb7 71. Kb4 Kb6 72. Ka3 Nc2+ 73. Kb2 Nxd4 74.
Kc3 Nc6 75. Nf3 b4+ 76. Kb3 Kb5 77. Kb2 Kc4 78. Nd2+ Kd3 79. Nb1 Nxe5 80.
Kb3 Nf3 81. g6 f5 82. Kxb4 Ne5 83. Nc3 Nxg6 84. Nb5 Nf4 85. Nc7 g5 86. Kc5
g4 87. Kd6 g3 88. Ke5 g2 89. Kxf4 g1=Q 90. Nxe6 Qf2+ 91. Ke5 Qe3+ 92. Kxf5
Qxe6+ 93. Kxe6 d4 94. Ke5 Ke3 95. Kd5 d3 96. Kc4 d2 97. Kc3 d1=Q 98. Kb2
Kd3 99. Ka2 Kc3 100. Ka3 Qb3# { White checkmated } 0-1

[Event "ICC tourney 2260 (3 2)"]
[Site "Internet Chess Club"]
[Date "2020.12.31"]
[Round "9"]
[White "crazyhorse9"]
[Black "atippa"]
[Result "1-0"]
[ICCResult "Black resigns"]
[WhiteElo "1462"]
[BlackElo "1732"]
[Opening "Two knights defense (Modern bishop's opening)"]
[ECO "C55"]
[NIC "IG.01"]
[Time "14:24:46"]
[PlyCount "75"]
[TimeControl "180+2"]

1. e4 e5 2. Nf3 Nc6 3. Bc4 Nf6 4. d3 d6 5. c3 Na5 6. Nbd2 Be7 7. Bb3 c5 8.
Bc2 O-O 9. O-O Nc6 10. Re1 Bg4 11. h3 Be6 12. Nf1 a6 13. Ng3 b5 14. d4 exd4
15. cxd4 cxd4 16. Nxd4 Nxd4 17. Qxd4 d5 18. e5 Nd7 19. Bf4 Bc5 20. Qd1 Rc8
21. Qd3 g6 22. Bb3 Nb6 23. Rac1 Qe7 24. Qf3 Qd7 25. Red1 Nc4 26. Bxc4 bxc4
27. Ne4 Be7 28. Qg3 Rfd8 29. Bg5 Bf5 30. Bxe7 Qxe7 31. Nf6+ Kg7 32. Re1 d4
33. Qh4 Rh8 34. Qxd4 Rhd8 35. Qh4 h5 36. Nxh5+ Kf8 37. Nf6 Kg7 38. Qh7+ {
Black resigns } 1-0

[Event "ICC tourney 2260 (3 2)"]
[Site "Internet Chess Club"]
[Date "2020.12.31"]
[Round "9"]
[White "TacoCat"]
[Black "Supersamraat"]
[Result "1-0"]
[ICCResult "Black forfeits on time"]
[WhiteElo "1882"]
[BlackElo "1548"]
[Opening "King's Indian: 6.Be2"]
[ECO "E91"]
[NIC "KI.19"]
[Time "14:24:09"]
[PlyCount "89"]
[TimeControl "180+2"]

1. d4 Nf6 2. c4 g6 3. Nc3 Bg7 4. e4 d6 5. Nf3 O-O 6. Be2 c5 7. d5 Na6 8.
O-O Nc7 9. a3 a6 10. Bd2 Bd7 11. Qc2 Rb8 12. b4 b5 13. cxb5 Nxb5 14. Nxb5
Bxb5 15. Bxb5 Rxb5 16. a4 Rb8 17. bxc5 dxc5 18. Rab1 Qc7 19. Bc3 Rfe8 20.
Be5 Qa7 21. Bxb8 Rxb8 22. Rxb8+ Qxb8 23. Rb1 Qc7 24. Nd2 Bf8 25. Qb3 Qe5
26. Qb8 Qd4 27. Qb2 Qxa4 28. f3 Bh6 29. Nb3 Bg7 30. Nxc5 Qc4 31. Qb8+ Bf8
32. Qb4 Qc2 33. Nxa6 e6 34. d6 Bxd6 35. Qb2 Qd3 36. Ra1 e5 37. Nb4 Qe3+ 38.
Kh1 Qc5 39. Nd3 Qe3 40. Nxe5 Bxe5 41. Qxe5 Kg7 42. h3 Qe2 43. Ra7 h5 44.
Qc7 Qe1+ 45. Kh2 { Black forfeits on time } 1-0